 Dungeon Crawl Stone Soup version 0.23.1-37-gaa34b87b72 (webtiles) character file.

Game seed: 11882840732170841635

3163 Zabelbahel the Archer (level 9, -2/81 HPs)
             Began as a Centaur Hunter on Mar 28, 2019.
             Was an Initiate of Gozag.
             Slain by a killer bee (7 damage)
             ... on level 7 of the Dungeon.
             The game lasted 00:51:50 (10270 turns).

Zabelbahel the Archer (Centaur Hunter)             Turns: 10270, Time: 00:51:50

Health: -2/81      AC:  6    Str: 15    XL:     9   Next: 63%
Magic:  9/9        EV: 14    Int: 10    God:    Gozag
Gold:   946        SH:  0    Dex: 13    Spells: 8/8 levels left

rFire    + . .     SeeInvis .   H - -2 shortbow (curse)
rCold    + . .     Gourm    +   (shield currently unavailable)
rNeg     . . .     Faith    .   h - +2 robe {rC+ rF+}
rPois    .         Spirit   .   (no helmet)
rElec    .         Reflect  .   (no cloak)
rCorr    .         Harm     .   (no gloves)
MR       .....                  (no barding)
Stlth    +.........             e - amulet of the gourmand
HPRegen  0.23/turn              t - +4 ring of evasion
MPRegen  0.11/turn              (no ring)

@: lethally poisoned (-2 -> -3), starving, very quick
A: large, hooves 3, deformed body, speed 2, tough skin 3
a: Potion Petition, Call Merchant, Bribe Branch, Renounce Religion


You were on level 7 of the Dungeon.
You worshipped Gozag.
Gozag was pleased with you.
You were starving.

You visited 2 branches of the dungeon, and saw 9 of its levels.
You also visited: Ossuary.

You collected 1095 gold pieces.
You paid 149 gold pieces to Gozag.

Inventory:

Hand Weapons
 a - a +2 shortbow
 s - the +6 dagger of Entrepreneurial Spirit {venom, rF- rN+++ Int-4}
   (You found it on level 4 of the Dungeon)

   It poisons the flesh of those it strikes.
   It affects your intelligence (-4).
   It makes you vulnerable to fire.
   It renders you almost immune to negative energy.
 u - a +0 halberd
 H - a cursed -2 shortbow (weapon)
Armour
 h - a +2 robe of resistance (worn)
 I - a scarf of repulsion
Jewellery
 e - an amulet of the gourmand (around neck)
 k - an uncursed amulet of faith
 q - the ring "Ulaeh" {Wiz Dex+2 SInv, unknown}
   (You found it on level 7 of the Dungeon)

   [ring of wizardry]

   It improves your spell success rate.
   It affects your dexterity (+2).
   It lets you see invisible.
 t - a +4 ring of evasion (left hand)
 F - an uncursed ring of teleportation
Wands
 D - a wand of random effects (8)
Scrolls
 c - a scroll of summoning {unknown}
 d - a scroll of teleportation
 g - 2 scrolls of immolation
 i - 5 scrolls of identify
 l - a scroll of magic mapping
 m - 2 scrolls of fear
 o - 3 scrolls of blinking
 x - a scroll of enchant armour
 y - a scroll of random uselessness
Potions
 b - 3 potions of degeneration
 n - 2 potions of flight {unknown}
 p - a potion of resistance {unknown}
 r - 2 potions of curing
 v - a potion of mutation {unknown}
 w - 3 potions of heal wounds {unknown}
 z - a potion of brilliance {unknown}
 A - 4 potions of ambrosia {unknown}
 B - 2 potions of agility {unknown}
 C - a potion of might {unknown}
 E - 2 potions of haste {unknown}
 G - a potion of invisibility {unknown}
Comestibles
 f - 13 rations


   Skills:
 + Level 8.2 Fighting
 + Level 14.5 Bows
 - Level 1.3 Dodging
 - Level 0.4 Stealth


You had 8 spell levels left.
You didn't know any spells.
Your spell library was empty.

Dungeon Overview and Level Annotations

Branches:
Dungeon (8/15)             Temple (1/1) D:4
   Lair: D:8-11

Altars:
Ashenzari
Cheibriados
Dithmenos
Elyvilon
Fedhas
Gozag
Hepliaklqana
Kikubaaqudgha
Makhleb
Nemelex Xobeh
Okawaru
Qazlal
Ru
Sif Muna
Trog
Uskayaw
Vehumet
Wu Jian
Xom
Yredelemnul
Zin
The Shining One


Innate Abilities, Weirdness & Mutations

You have hooves in place of feet.
Armour fits poorly on your strangely shaped body.
You cover ground very quickly.
You have extremely tough skin. (AC +3)


Message History

The killer bee is lightly wounded.
You feel sick. The killer bee barely misses you.
The killer bee closely misses you.
The killer bee stings you but does no damage.
You clumsily bash the killer bee but do no damage.
Your kick misses the killer bee.
The killer bee is lightly wounded.
The killer bee becomes distracted by the nearby gold, dreaming of imaginary riches.
You miss the killer bee.
The killer bee is no longer distracted by gold.
The killer bee buzzes angrily.
The killer bee is lightly wounded.
The killer bee stings you.
* * * LOW HITPOINT WARNING * * *
The killer bee misses you. The killer bee stings you.
* * * LOW HITPOINT WARNING * * *
You feel sick. The killer bee stings you!
You die...
Your body crumbles into a pile of gold.

.#.......+......#.....>.(#
.#.......#......#........#
.#.......#......#........#
.#.......#......#........#
.#.......'......#........#
.#......)##########(.#...#
.#.................$######
.########........y..#
..'.....#.......@...#
'##.....#...........#
..#......######.....#
..#......# #.....#######
..######## #...........#
..# #...........# ..#
#...........# ..#
#...........# ###
#############


You could see a killer bee.

Vanquished Creatures
  A hungry ghost (D:7)
  Menkaure (D:5)
  Duvessa (D:4)
  A water moccasin (D:6)
  2 orc warriors
  2 sky beasts
  An ice beast (D:7)
  A phantom (D:5)
  An ogre (D:6)
  2 centaurs
  3 bullfrogs (D:6)
  Dowan (D:4)
  6 scorpions
  3 killer bees (D:7)
  4 crimson imps
  3 bullfrog zombies (D:5)
  A hound (D:4)
  A jelly (D:5)
  2 centaur skeletons
  A gnoll shaman (D:4)
  5 orc priests
  A bullfrog skeleton (D:4)
  2 iguanas
  Ijyb (D:4)
  2 worker ants (D:5)
  2 orc wizards
  A hound skeleton (D:4)
  9 mummies
  8 gnolls (D:4)
  16 adders
  2 shadow imps
  2 oozes
  An adder skeleton (D:7)
  3 worms
  3 dart slugs
  A leopard gecko (D:2)
  22 orcs
  7 giant cockroaches
  A gnoll zombie (Ossuary)
  9 hobgoblins
  13 jackals
  4 quokkas
  14 bats
  9 frilled lizards
  12 goblins
  2 hobgoblin zombies (Ossuary)
  8 kobolds
  3 kobold zombies
  A leopard gecko skeleton (D:6)
  4 orc zombies (Ossuary)
  9 rats
215 creatures vanquished.

Notes
Turn   | Place    | Note
-------+----------+-------------------------------------------
     0 | D:1      | Zabelbahel the Centaur Hunter began the quest for the Orb.
     0 | D:1      | Reached XP level 1. HP: 17/17 MP: 1/1
    84 | D:1      | Reached XP level 2. HP: 24/24 MP: 2/2
    91 | D:1      | Reached skill level 6 in Bows
   439 | D:1      | Reached XP level 3. HP: 29/29 MP: 3/3
   788 | D:2      | Reached skill level 7 in Bows
  1055 | D:1      | Reached XP level 4. HP: 12/37 MP: 4/4
  2465 | D:3      | Reached XP level 5. HP: 36/45 MP: 5/5
  2577 | D:3      | Reached skill level 8 in Bows
  4039 | D:4      | Reached XP level 6. HP: 23/52 MP: 6/6
  4176 | D:4      | Reached skill level 9 in Bows
  4299 | D:4      | Noticed Dowan
  4307 | D:4      | Noticed Duvessa
  4533 | D:4      | Got an ancient dagger
  4592 | D:4      | HP: 1/53 [orc/+0 flail (7)]
  4718 | D:4      | Reached XP level 7. HP: 19/60 MP: 7/7
  4788 | D:4      | Found a sand-covered staircase.
  4806 | D:4      | Reached skill level 5 in Fighting
  4858 | Ossuary  | Entered an ossuary
  4942 | Ossuary  | HP: 2/61 [mummy (15)]
  5060 | Ossuary  | Identified the +6 dagger of Entrepreneurial Spirit {venom,
                  | rF- rN+++ Int-4} (You found it on level 4 of the Dungeon)
  5378 | D:4      | Noticed Ijyb
  5380 | D:4      | Found a staircase to the Ecumenical Temple.
  5388 | D:4      | Killed Ijyb
  5388 | D:4      | Reached skill level 10 in Bows
  5815 | D:4      | Killed Duvessa
  5838 | D:4      | Killed Dowan
  6007 | Temple   | Entered the Ecumenical Temple
  6024 | Temple   | Became a worshipper of Gozag Ym Sagoz the Greedy
  6448 | D:5      | Entered Level 5 of the Dungeon
  6461 | D:5      | Reached XP level 8. HP: 56/70 MP: 8/8
  6507 | D:5      | Noticed Menkaure
  6514 | D:5      | Killed Menkaure
  6514 | D:5      | Reached skill level 11 in Bows
  6651 | D:5      | Found a bloodstained altar of Trog.
  6868 | D:5      | Reached skill level 12 in Bows
  7872 | D:6      | Reached skill level 13 in Bows
  7872 | D:6      | Reached XP level 9. HP: 75/79 MP: 9/9
  9217 | D:7      | Got a transparent brass ring
  9397 | D:8      | Reached skill level 14 in Bows
  9425 | D:8      | Found a radiant altar of Vehumet.
 10270 | D:7      | Slain by a killer bee

Skill      XL: |  1  2  3  4  5  6  7  8  9 |
---------------+----------------------------+-----
Bows           | 6 7 8 9 10 13 14 | 14.5
Fighting       | 3 4 6 7 8 |  8.2
Dodging        | |  1.3
Stealth        | |  0.4

Action                   |  1- 3 |  4- 6 |  7- 9 || total
-------------------------+-------+-------+-------++-------
Melee: Shortbow          |    52 |    40 |    36 ||   128
       Kick              |     6 |    42 |    22 ||    70
       Short sword       |       |    52 |       ||    52
       Spear             |       |   160 |       ||   160
       Halberd           |       |    36 |       ||    36
       Dagger            |       |       |    30 ||    30
 Fire: Shortbow          |    86 |    66 |   453 ||   605
Invok: Potion Petition   |       |       |     1 ||     1
Evoke: Wand              |       |     5 |    27 ||    32
  Use: Potion            |     1 |       |     3 ||     4
       Scroll            |       |       |    11 ||    11
  Eat: Chunk             |    13 |    12 |     3 ||    28
Armor: Leather armour    |    58 |   110 |     7 ||   175
       Robe              |       |       |    37 ||    37
Dodge: Dodged            |    71 |   154 |   166 ||   391
